 Seeded DCSS version 0.30.1-4-g462c640d31 (webtiles) character file.

Game seed: 6351066067085065685 (custom seed)

211915 Esekla the Eclecticist (level 17, -4/103 HPs)
             Began as a Deep Elf Necromancer on Sept 3, 2023.
             Was the Champion of Vehumet.
             Shot with an arrow by a satyr (25 damage)
             ... while paralysed by a sphinx
             ... on level 4 of the Shoals.
             The game lasted 04:07:38 (29335 turns).

Esekla the Eclecticist (Deep Elf Necromancer)      Turns: 29335, Time: 04:07:39

Health: -4/103     AC: 22    Str:  6    XL:     17   Next: 76%
Magic:  43/43      EV:  2    Int: 35    God:    Vehumet [******]
Gold:   2801       SH:  0    Dex: 15    Spells: 9/57 levels left

rFire   + + .        a - +12 pair of quick blades "Gyre" and "Gimble" {protect}
rCold   + . .        (shield currently unavailable)
rNeg    + . .        P - +1 ring mail "Uronn" {rF+ Regen+ Int+3}
rPois   +            W - +2 helmet {Int+3}
rElec   +            I - +1 cloak
rCorr   .            T - +2 pair of gloves "Seteklek" {rF+ rC+}
SInv    .            Q - +1 pair of boots of Piysunuo {Str+3}
Will    +....        m - amulet of reflection
Stlth   +++          J - ring of the Mage {Wiz Archmagi}
HPRegen 1.17/turn    O - ring of Greed {rElec rPois rN+ AC+4 Str-2}
MPRegen 0.28/turn

%: reflection, wizardry (x1), archmagi
@: paralysed, spiked, studying Fighting
A: no striking features
}: 2/15 runes: barnacled, gossamer
a: Renounce Religion


You were on level 4 of the Shoals.
You worshipped Vehumet.
Vehumet was exalted by your worship.
You visited 5 branches of the dungeon, and saw 27 of its levels.
You also visited: Trove and Bailey.

You collected 5612 gold pieces.
You spent 2811 gold pieces at shops.

Inventory:

Hand Weapons
 a - the +12 pair of quick blades "Gyre" and "Gimble" (weapon) {protect}
   (You found it in a treasure trove)
 c - the +3 Elemental Staff {rElec rF+ rC+ AC+3}
   (You acquired it on level 1 of the Spider Nest)

   It enhances your fire, ice, earth and air magic.
   AC:        It affects your AC (+3).
   rF:        It protects you from fire.
   rC:        It protects you from cold.
   rElec:     It insulates you from electricity.
 e - a +2 demon blade of electrocution
 f - a +4 scimitar of flaming
 r - a +4 trident of venom
Missiles
 H - 18 boomerangs (quivered)
 L - 67 poisoned darts
 N - 6 curare-tipped darts
Armour
 s - the +1 animal skin "Kougi" {rPois rF++ MP+9}
   (You found it on level 2 of the Shoals)

   rF:        It greatly protects you from fire.
   rPois:     It protects you from poison.
   MP:        It affects your magic capacity (+9).
 I - a +1 cloak (worn)
 K - a +2 robe of cold resistance
 P - the +1 ring mail "Uronn" (worn) {rF+ Regen+ Int+3}
   (You found it on level 4 of the Shoals)

   Int:       It affects your intelligence (+3).
   rF:        It protects you from fire.
   Regen:     It increases your rate of health regeneration.
 Q - the +1 pair of boots of Piysunuo (worn) {Str+3}
   (You found it on level 1 of the Spider Nest)

   Str:       It affects your strength (+3).
 T - the +2 pair of gloves "Seteklek" (worn) {rF+ rC+}
   (You found it in a treasure trove)

   rF:        It protects you from fire.
   rC:        It protects you from cold.
 W - a +2 helmet of intelligence (worn)
Jewellery
 j - a ring of see invisible
 m - an amulet of reflection (around neck)
 o - the ring "Pileq" {Ice Str+4 Dex+3 Slay+2}
   (You found it on level 4 of the Shoals)

   [ring of ice]

   It enhances your ice magic.
   Str:       It affects your strength (+4).
   Dex:       It affects your dexterity (+3).
   Slay:      It affects your accuracy & damage with ranged weapons and melee
   (+2).
   rF:        It makes you vulnerable to fire.
   rC:        It protects you from cold.
 z - an amulet of magic regeneration
 J - the ring of the Mage (left hand) {Wiz Archmagi}
   (You bought it in a shop on level 2 of the Dungeon)

   [ring of wizardry]

   It improves your spell success rate.
   Archmagi:  It increases the power of your magical spells.
 O - the ring of Greed (right hand) {rElec rPois rN+ AC+4 Str-2}
   (You bought it in a shop on level 2 of the Dungeon)

   [ring of protection]

   AC:        It affects your AC (+4).
   Str:       It affects your strength (-2).
   rElec:     It insulates you from electricity.
   rPois:     It protects you from poison.
   rN:        It protects you from negative energy.
 R - the ring of Akemeir {Fire Str+4}
   (You found it in a treasure trove)

   [ring of fire]

   It enhances your fire magic.
   Str:       It affects your strength (+4).
   rF:        It protects you from fire.
   rC:        It makes you vulnerable to cold.
 U - the ring of Descent {rPois rC+ Int+5 Stlth-}
   (You found it in a treasure trove)

   [ring of protection from cold]

   Int:       It affects your intelligence (+5).
   rC:        It protects you from cold.
   rPois:     It protects you from poison.
   Stlth:     It makes you less stealthy.
Wands
 p - a wand of roots (22)
 C - a wand of flame (25)
 F - a wand of mindburst (3)
 S - a wand of quicksilver (3)
 X - a wand of digging (9)
Scrolls
 i - 5 scrolls of enchant weapon
 n - 5 scrolls of enchant armour
 q - 5 scrolls of blinking
 t - 4 scrolls of fog
 v - 2 scrolls of identify
 y - 2 scrolls of magic mapping
 B - 5 scrolls of fear
 D - 2 scrolls of silence
 E - 3 scrolls of poison
 G - 12 scrolls of teleportation
 Y - a scroll of brand weapon
 Z - a scroll of amnesia
Potions
 b - 5 potions of magic
 d - 7 potions of ambrosia
 g - 8 potions of heal wounds
 h - 12 potions of haste
 k - 4 potions of flight
 l - 3 potions of cancellation
 u - 5 potions of brilliance
 w - 3 potions of curing
 x - 7 potions of attraction
 A - 5 potions of lignification
 M - 3 potions of might
 V - 3 potions of resistance


   Skills:
 * Level 10.6 Fighting
 - Level 9.0(9.2) Short Blades
 + Level 2.3(5.7) Long Blades
 * Level 5.0 Staves
 + Level 2.6 Throwing
 * Level 6.9 Armour
 * Level 12.9 Dodging
 + Level 6.0 Stealth
 - Level 3.2 Shields
 * Level 20.8 Spellcasting
 * Level 9.8 Conjurations
 + Level 12.1 Necromancy
 + Level 6.5 Translocations
 + Level 4.9 Transmutations
 + Level 6.7 Fire Magic
 + Level 5.5 Ice Magic
 + Level 7.6 Air Magic
 * Level 5.7 Earth Magic
 + Level 9.3 Poison Magic
 + Level 1.4 Evocations


You had 9 spell levels left.
You knew the following spells:

 Your Spells              Type           Power      Damage    Failure   Level
c - Mephitic Cloud        Conj/Pois/Air  99%        N/A       1%          3
d - Vampiric Draining     Necr           100%       2d13      1%          3
e - Conjure Ball Lightni  Conj/Air       49%        3x3d17    1%          6
f - Fireball              Conj/Fire      48%        3d19      1%          5
n - Ignite Poison         Fire/Tmut/Pois 91%        N/A       1%          3
o - Orb of Destruction    Conj           51%        9d13      4%          7
p - Apportation           Tloc           100%       N/A       1%          1
t - Teleport Other        Tloc           89%        N/A       1%          3
v - Poisonous Vapours     Pois/Air       100%       N/A       1%          2
w - Wereblood             Tmut           82%        N/A       1%          2
x - Olgreb's Toxic Radia  Pois           100%       N/A       1%          4
y - Sticky Flame          Conj/Fire      97%        2d11      1%          4
z - Freezing Cloud        Conj/Ice/Air   47%        6-21      1%          5

Your spell library contained the following spells:

 Spells                   Type           Power      Damage    Failure   Level
 Yara's Violent Unravell  Hex/Tmut       34%        3d14      3%          5
 Necrotise                Necr           100%       1d9       0%          1
 Foxfire                  Conj/Fire      100%       2x1d9     1%          1
 Shock                    Conj/Air       100%       1d9       1%          1
 Sting                    Tmut/Pois      100%       1d8       1%          1
 Summon Small Mammal      Summ           100%       N/A       1%          1
 Lesser Beckoning         Tloc           100%       N/A       1%          2
 Sublimation of Blood     Necr           100%       N/A       1%          2
 Gell's Gravitas          Tloc           89%        N/A       1%          3
 Hailstorm                Conj/Ice       94%        3d19      1%          3
 Portal Projectile        Hex/Tloc       100%       N/A       1%          3
 Spider Form              Tmut/Pois      92%        N/A       1%          3
 Swiftness                Air            94%        N/A       1%          3
 Vhi's Electric Charge    Tloc/Air       100%       N/A       1%          3
 Airstrike                Air            47%        2d(7-23)  1%          4
 Anguish                  Hex/Necr       43%        N/A       1%          4
 Animate Dead             Necr           100%       N/A       1%          4
 Manifold Assault         Tloc           89%        N/A       1%          4
 Passage of Golubria      Tloc           89%        N/A       1%          4
 Agony                    Necr           100%       N/A       1%          5
 Arcjolt                  Conj/Air       49%        1d59      1%          5
 Starburst                Conj/Fire      48%        6d13      1%          6
 Plasma Beam              Fire/Air       46%        2x1d66    2%          6
 Summon Ice Beast         Ice/Summ       70%        N/A       3%          4
 Silence                  Hex/Air        38%        N/A       6%          5
 Cause Fear               Hex            26%        N/A       11%         4
 Dispersal                Tloc           44%        N/A       12%         6
 Summon Mana Viper        Hex/Summ       53%        N/A       28%         5
 Lehudib's Crystal Spear  Conj/Erth      47%        10d11     52%         8
 Maxwell's Capacitive Co  Air            47%        ∞         54%         8
 Ignition                 Fire           45%        3d13      65%         8
 Disjunction              Tloc           44%        N/A       99%         8
 Summon Hydra             Summ           26%        N/A       100%        7


Dungeon Overview and Level Annotations

Branches:
Dungeon (12/15)            Temple (0/1) D:6            Lair (5/5) D:11
 Shoals (4/4) Lair:2       Spider (4/4) Lair:3        Slime (0/5) Lair:5
    Orc (2/2) D:10            Elf (0/3) Orc:2        Bailey (visited)

Altars:
Dithmenos
Fedhas
Hepliaklqana
Nemelex Xobeh
Okawaru
Qazlal
Ru
Trog
Uskayaw
Vehumet
Zin
The Shining One
Jiyva

Shops:
D:2 =   D:4 (   D:11 *   Orc:2 **[:   Shoals:2 (   Shoals:3 !

Portals:
Pandemonium: Orc:2


Message History

You see here the +1 ring mail "Uronn" {rF+ Regen+ Int+3}.
You start removing your armour.
You continue taking off your +0 troll leather armour. x4
You finish taking off your +0 troll leather armour.
You drop a +0 troll leather armour.
You see here the +1 ring mail "Uronn" {rF+ Regen+ Int+3}.
You start putting on your armour.
You continue putting on the +1 ring mail "Uronn" {rF+ Regen+ Int+3}. x4
You finish putting on the +1 ring mail "Uronn" {rF+ Regen+ Int+3}.
The ring mail "Uronn" throbs as it attunes itself to your uninjured body.
You feel clever.
You enter the shallow water.
Moving in this stuff is going to be slow.
The satyr shouts!
You hear a shout! x2
The satyr unwields a +0 spear.
The satyr wields a +0 longbow.
The satyr shoots an arrow.
The arrow hits you!
A merfolk comes into view. It is wielding a +0 trident.
A manticore and a sphinx come into view.
The sphinx shouts!
The satyr shoots an arrow.
The arrow hits you!
The sphinx casts a spell.
You suddenly lose the ability to move!
The satyr shoots an arrow.
The arrow hits you!
The satyr shoots an arrow.
The arrow hits you!! The sphinx hits you but does no damage.
The sphinx hits you. The sphinx barely misses you.
The satyr unwields a +0 longbow.
The satyr wields a +0 spear.
The satyr hits you but does no damage. The sphinx hits you!
The sphinx hits you but does no damage. The sphinx barely misses you.
The manticore flicks its tail.
The volley of spikes hits you.
The barbed spikes become lodged in your body.
* * * LOW HITPOINT WARNING * * *
The sphinx hits you.
* * * LOW HITPOINT WARNING * * *
The sphinx hits you.
* * * LOW HITPOINT WARNING * * *
The sphinx hits you but does no damage.
The satyr unwields a +0 spear.
The satyr wields a +0 longbow.
The satyr shoots an arrow.
The arrow hits you!!
You die...

≈≈≈ ≈≈≈≈≈≈≈≈≈≈≈≈≈≈ ≈≈ ≈≈≈≈≈≈≈≈≈≈
≈≈≈≈≈≈≈≈≈≈≈≈≈≈≈ ≈≈ ≈≈ ≈≈≈≈≈≈≈≈
≈≈≈≈≈≈≈≈≈≈≈≈≈≈ ≈###.# ≈≈≈≈≈≈≈
≈≈≈≈≈≈≈≈≈≈≈≈≈ .#....### ≈≈≈≈≈≈
≈≈≈≈≈≈≈≈≈≈≈≈≈≈###Hm. .....#≈≈≈≈≈≈
≈≈≈≈≈≈≈≈≈≈≈≈##.c.H# #m..#..##.≈≈≈
≈≈≈≈≈≈≈≈≈≈##....@##..~#.#....#.#≈
≈≈≈≈≈≈≈≈#.#~~~###~~..#...~....|.#
~~~~~~~..~~~#..[..#..+.........##
~~~~~~.#~~~##...### .##..~.~.."#.
~~~~~.#~~~##...## .###.~..###.
~~)~.#~~~##...#######....####....
†~~##~~~##...........##..........
..~##~~~.####.###...##......~.~.#
..~##^.~.#.....##....#..###.##..#


You could see a sphinx, a satyr, a merfolk and a manticore.

Vanquished Creatures
  Mara (Spider:3)
  Rupert (Lair:4)
  2 sphinxes (Shoals:4)
  2 krakens
  Ilsuiw (Shoals:2)
  9 emperor scorpions
  4 ghost moths
  An orc warlord (Orc:2)
  A broodmother (Spider:3)
  Azrael (Orc:2)
  A minotaur (Shoals:4)
  2 spark wasps
  5 entropy weavers
  4 merfolk impalers
  4 fire dragons
  3 merfolk javelineers (Shoals:3)
  Harold (D:9)
  3 boulder beetles
  A demonspawn (Orc:2)
  4 merfolk aquamancers
  3 hydras
  3 radroaches
  15 satyrs
  A catoblepas (Lair:5)
  3 jorogumos
  An alligator snapping turtle (Shoals:3)
  4 merfolk avatars
  3 two-headed ogres
  3 orc high priests (Orc:2)
  2 pharaoh ants
  A sun moth (Spider:1)
  Lodul (D:11)
  12 sea snakes
  4 skysharks
  10 orb spiders
  Pikel (D:5)
  A swamp dragon (Lair:5)
  3 steelbarb worms
  2 lindwurms (Lair:5)
  An oklob plant (Lair:5)
  29 harpies
  An ugly thing (D:12)
  8 wolf spiders
  8 orc knights
  7 cyclopes
  9 orc sorcerers (Orc:2)
  3 moths of wrath
  Joseph (D:7)
  22 manticores
  24 fauns
  6 merfolk sirens
  2 black mambas
  9 elephants (Lair:5)
  7 water nymphs
  7 torpor snails
  A smoke demon (Orc:2)
  A gargoyle (D:10)
  3 demonic crawlers
  11 cane toads
  Psyche (D:11)
  3 rime drakes
  15 komodo dragons
  A kobold demonologist (D:9)
  A red devil (Orc:2)
  27 merfolk
  A polar bear (D:11)
  7 trolls
  3 tyrant leeches (Lair:5)
  9 tarantellas
  3 wind drakes
  12 hornets
  5 blink frogs (Lair:1)
  11 jumping spiders
  4 centaur simulacra (D:11)
  7 snapping turtles
  12 spriggans (Lair:3)
  A vampire (D:12)
  6 culicivoras
  A wraith (D:12)
  4 water elementals
  33 yaks
  5 basilisks
  A chaos spawn (Orc:2)
  3 fire elementals (Orc:2)
  3 steam dragons
  5 wyverns
  29 redbacks
  Menkaure (D:7)
  2 wargs (Orc:2)
  2 acid dragons (Lair:5)
  6 ice beasts
  4 hell hounds (Orc:2)
  14 water moccasins
  2 swamp drakes (Lair:5)
  A sky beast (D:6)
  37 orc warriors
  2 black bears
  15 ogres
  2 centaurs
  3 boggarts (Lair:3)
  12 wolves
  A phantom (D:7)
  Blork the orc (D:6)
  4 kobold brigands
  4 gnoll sergeants
  An earth elemental (D:11)
  10 bullfrogs
  3 scorpions
  10 wights
  21 killer bees
  2 howler monkeys (D:9)
  An electric eel (D:11)
  2 quasits
  6 hounds
  A jelly (D:6)
  Crazy Yiuf (D:7)
  25 orc priests
  2 gnoll boudas
  A sleepcap (D:5)
  7 iguanas
  12 orc wizards
  12 hell rats
  29 gnolls
  9 adders
  3 shadow imps
  9 white imps
  2 ufetubi
  A worm (D:4)
  3 dart slugs
  80 orcs
  4 endoplasms
  9 goblins
  7 hobgoblins
  A quokka (D:1)
  3 training dummies (Shoals:2)
  6 ball pythons
  4 bats
  4 frilled lizards
  21 kobolds
  A rat (D:2)
  A butterfly (Lair:4)
  2 tentacles
926 creatures vanquished.

Vanquished Creatures (collateral kills)
  A ball lightning (Spider:4)
1 creature vanquished.

Vanquished Creatures (others)
  An orc wizard (D:8)
  2 ufetubi (D:8)
  15 ball lightnings
  10 tentacles
28 creatures vanquished.

Grand Total: 955 creatures vanquished

Notes
Turn   | Place    | Note
-------+----------+-------------------------------------------
     0 | D:1      | Esekla the Deep Elf Necromancer began the quest for the
                  | Orb.
     0 | D:1      | Reached XP level 1. HP: 10/10 MP: 6/6
   306 | D:4      | Found a radiant altar of Vehumet.
   317 | D:4      | Found an iron altar of Okawaru.
   328 | D:4      | Found a glowing silver altar of Zin.
   410 | D:4      | Became a worshipper of Vehumet
   485 | D:3      | Reached skill level 5 in Necromancy
   634 | D:3      | Reached XP level 2. HP: 14/15 MP: 8/8
   961 | D:3      | Found a hazy altar of Hepliaklqana.
   963 | D:3      | Found a bloodstained altar of Trog.
  1207 | D:4      | Found Ponaysk's Antique Weapon Boutique.
  1256 | D:5      | Entered Level 5 of the Dungeon
  1476 | D:3      | Reached XP level 3. HP: 19/19 MP: 9/9
  1480 | D:3      | Learned a level 3 spell: Vampiric Draining
  1633 | D:3      | Identified the +5 rapier of the Hero {heavy, rN+ Dex+3}
  1649 | D:2      | Found Renulab's Jewellery Shop.
  1838 | D:1      | Reached * piety under Vehumet
  1838 | D:1      | Offered knowledge of Foxfire by Vehumet.
  1857 | D:1      | Learned a level 1 spell: Foxfire
  2034 | D:1      | Reached skill level 1 in Short Blades
  2157 | D:1      | Reached XP level 4. HP: 24/24 MP: 11/11
  2192 | D:1      | Learned a level 3 spell: Teleport Other
  2314 | D:2      | Found a faded altar of an unknown god.
  2362 | D:2      | Noticed a black bear
  2528 | D:3      | Found a stormy altar of Qazlal.
  2542 | D:3      | Reached XP level 5. HP: 27/28 MP: 2/12
  2704 | D:2      | Killed a black bear
  2705 | D:2      | Reached skill level 4 in Spellcasting
  2705 | D:2      | Reached skill level 1 in Translocations
  2947 | D:4      | Reached XP level 6. HP: 32/32 MP: 14/14
  3082 | D:5      | Got the Parchment of the Lumpy Olives
  3097 | D:5      | Found a shadowy altar of Dithmenos.
  3227 | D:5      | Reached ** piety under Vehumet
  3227 | D:5      | Offered knowledge of Poisonous Vapours by Vehumet.
  3238 | D:5      | Learned a level 2 spell: Poisonous Vapours
  3338 | D:5      | Reached skill level 5 in Spellcasting
  3338 | D:5      | Reached XP level 7. HP: 10/36 MP: 6/16
  3456 | D:5      | Reached skill level 1 in Poison Magic
  3503 | D:5      | Reached skill level 1 in Throwing
  3539 | D:5      | Reached skill level 1 in Air Magic
  4055 | D:6      | Noticed Pikel
  4081 | D:7      | Found a runed translucent door.
  4082 | D:7      | Noticed Crazy Yiuf
  4091 | D:7      | Killed Crazy Yiuf
  4160 | D:7      | Noticed a wyvern
  4224 | D:7      | Killed a wyvern
  4225 | D:7      | Reached skill level 6 in Spellcasting
  4256 | D:7      | Noticed Menkaure
  4285 | D:7      | Killed Menkaure
  4286 | D:7      | Reached XP level 8. HP: 10/41 MP: 19/19
  4434 | D:7      | Reached skill level 5 in Dodging
  4601 | D:8      | Noticed a two-headed ogre
  5328 | D:8      | Offered knowledge of Stone Arrow by Vehumet.
  5440 | D:8      | Reached skill level 7 in Spellcasting
  5455 | D:8      | Reached *** piety under Vehumet
  5730 | D:8      | Reached XP level 9. HP: 43/45 MP: 17/22
  5739 | D:8      | Offered knowledge of Inner Flame by Vehumet.
  5757 | D:8      | Found a hide-covered altar of Uskayaw.
  5803 | D:7      | Noticed Joseph
  5966 | D:7      | Reached skill level 8 in Spellcasting
  5995 | D:7      | Killed Joseph
  6281 | D:6      | Noticed Blork the orc
  6331 | D:5      | Killed Pikel
  6332 | D:5      | Reached skill level 9 in Spellcasting
  6449 | D:6      | Killed Blork the orc
  6454 | D:6      | Reached skill level 1 in Shields
  6698 | D:6      | Found a staircase to the Ecumenical Temple.
  6984 | D:6      | Reached **** piety under Vehumet
  7027 | D:6      | Found a blossoming altar of Fedhas.
  7036 | D:6      | Reached skill level 1 in Long Blades
  7173 | D:4      | Found a glowing golden altar of the Shining One.
  7184 | D:4      | Offered knowledge of Iskenderun's Battlesphere by Vehumet.
  7610 | D:8      | Killed a two-headed ogre
  7611 | D:8      | Reached XP level 10. HP: 43/50 MP: 25/25
  7679 | D:8      | Found a transporter.
  7679 | D:8      | Found a transporter.
  7683 | D:8      | Found a transporter.
  7683 | D:8      | Found a transporter.
  8141 | D:9      | Noticed a two-headed ogre
  8175 | D:9      | Found a flagged portal.
  8190 | Bailey   | Entered a bailey
  8248 | Bailey   | Reached skill level 10 in Necromancy
  8331 | Bailey   | Identified the +2 bardiche of Puhoisos {heavy, rElec
                  | Stlth+}
  8384 | Bailey   | Reached skill level 5 in Translocations
  8439 | Bailey   | Reached skill level 10 in Spellcasting
  8507 | Bailey   | Noticed an orc knight
  8507 | Bailey   | Noticed an orc knight
  8554 | Bailey   | Killed an orc knight
  8594 | Bailey   | Killed an orc knight
  8722 | D:9      | Killed a two-headed ogre
  8723 | D:9      | Reached skill level 1 in Fighting
  8808 | D:9      | Noticed Harold
  8821 | D:9      | Killed Harold
  8822 | D:9      | Reached skill level 1 in Evocations
  9042 | D:9      | Reached ***** piety under Vehumet
  9068 | D:9      | Offered knowledge of Conjure Ball Lightning by Vehumet.
  9076 | D:9      | Learned a level 6 spell: Conjure Ball Lightning
  9158 | D:9      | Found a sparkling altar of Nemelex Xobeh.
  9209 | D:9      | Reached skill level 11 in Spellcasting
  9209 | D:9      | Reached XP level 11. HP: 57/57 MP: 28/28
  9267 | D:9      | Reached skill level 1 in Conjurations
  9623 | D:10     | Entered Level 10 of the Dungeon
  9657 | D:10     | Found a staircase to the Orcish Mines.
 10342 | D:10     | Found a sacrificial altar of Ru.
 10523 | Orc:1    | Entered Level 1 of the Orcish Mines
 10720 | D:2      | Bought the ring of the Mage {Wiz Archmagi} for 714 gold
                  | pieces
 10720 | D:2      | Found the ring of the Mage {Wiz Archmagi}
 11021 | D:11     | Reached skill level 12 in Spellcasting
 11485 | D:11     | Noticed Lodul
 12007 | D:11     | Reached skill level 5 in Air Magic
 12021 | D:11     | Offered knowledge of Orb of Destruction by Vehumet.
 12041 | D:11     | Learned a level 7 spell: Orb of Destruction
 12370 | D:12     | Found a portal to a secret trove of treasure.
 12388 | D:12     | Reached skill level 13 in Spellcasting
 12430 | D:12     | Learned a level 5 spell: Freezing Cloud
 12434 | D:12     | Learned a level 3 spell: Mephitic Cloud
 12496 | D:12     | Learned a level 5 spell: Fireball
 12539 | D:12     | Reached skill level 1 in Armour
 12609 | D:12     | Learned a level 2 spell: Wereblood
 12648 | D:12     | Reached skill level 1 in Fire Magic
 12702 | Trove    | Entered a treasure trove
 12707 | Trove    | Found the +8 mithril axe "Arga" {speed, Will+}
 12707 | Trove    | Found the +12 pair of quick blades "Gyre" and "Gimble"
                  | {protect}
 12711 | Trove    | Identified the ring of Akemeir {Fire Str+4}
 12716 | Trove    | Identified the +2 pair of gloves "Seteklek" {rF+ rC+}
 12736 | Trove    | Identified the ring of Descent {rPois rC+ Int+5 Stlth-}
 12742 | Trove    | Identified the +3 ring mail "Poady" {+Inv rF+ Dex+2 Slay-4}
 12942 | D:12     | Noticed a red ugly thing
 12947 | D:12     | Killed a red ugly thing
 12948 | D:12     | Reached XP level 12. HP: 66/66 MP: 31/31
 13360 | D:11     | Reached skill level 1 in Transmutations
 13370 | D:11     | Found a staircase to the Lair.
 13716 | D:11     | Reached skill level 1 in Ice Magic
 13835 | D:11     | Found Fagafuf's Pet Rocks.
 13983 | D:11     | Got Simple Magic
 14015 | D:11     | Killed Lodul
 14016 | D:11     | Reached skill level 5 in Poison Magic
 14050 | D:11     | Noticed Psyche
 14226 | D:2      | Bought the ring of Greed {rElec rPois rN+ AC+4 Str-2} for
                  | 758 gold pieces
 14519 | D:11     | Noticed a two-headed ogre
 14522 | D:11     | Killed Psyche
 14533 | D:11     | Killed a two-headed ogre
 14534 | D:11     | Reached skill level 5 in Fighting
 14534 | D:11     | Reached skill level 14 in Spellcasting
 14595 | Lair:1   | Entered Level 1 of the Lair of Beasts
 14893 | Lair:1   | Reached skill level 5 in Stealth
 16082 | Lair:2   | Found a transporter.
 16082 | Lair:2   | Found a transporter.
 16083 | Lair:2   | Noticed a boulder beetle
 16083 | Lair:2   | Noticed a boulder beetle
 16103 | Lair:2   | Killed a boulder beetle
 16104 | Lair:2   | Reached XP level 13. HP: 73/73 MP: 24/33
 16272 | Lair:2   | Found a staircase to the Shoals.
 16448 | Lair:3   | Found a hole to the Spider Nest.
 16770 | Lair:3   | Identified the +3 leather armour of Okawaru's Inspiration
                  | {Str+4}
 16935 | Spider:1 | Entered Level 1 of the Spider Nest
 16972 | Spider:1 | Identified the +1 pair of boots of Piysunuo {Str+3}
 17065 | Lair:3   | Reached skill level 5 in Short Blades
 17081 | Lair:3   | Reached skill level 15 in Spellcasting
 17336 | Lair:4   | Reached skill level 10 in Dodging
 17395 | Lair:4   | Reached skill level 5 in Conjurations
 17609 | Lair:4   | Learned a level 3 spell: Ignite Poison
 17788 | Lair:4   | Noticed Rupert
 17803 | Lair:4   | Killed Rupert
 18296 | Lair:5   | Entered Level 5 of the Lair of Beasts
 18603 | Lair:5   | Reached XP level 14. HP: 75/80 MP: 35/35
 18648 | Lair:5   | Reached skill level 5 in Fire Magic
 18809 | Lair:5   | Found a viscous altar of Jiyva.
 18809 | Lair:5   | Found a staircase to the Slime Pits.
 18940 | Lair:5   | Found a runed translucent door.
 19036 | Lair:5   | Reached skill level 16 in Spellcasting
 19048 | Lair:5   | Reached skill level 5 in Ice Magic
 19428 | Lair:5   | Got Utragud's Papyrus of the Inquisitive Olives
 19772 | Orc:2    | Entered Level 2 of the Orcish Mines
 20177 | Orc:2    | Found a staircase to the Elven Halls.
 20187 | Orc:2    | Noticed an orc warlord
 20201 | Orc:2    | Killed an orc warlord
 20322 | Orc:2    | Found Bamnuus's General Store.
 20323 | Orc:2    | Found Roezostra's General Store.
 20413 | Orc:2    | Bought a scroll of teleportation for 45 gold pieces
 20415 | Orc:2    | Bought a scroll of identify for 34 gold pieces
 20589 | Orc:2    | Noticed Azrael
 20604 | Orc:2    | Killed Azrael
 20725 | Orc:2    | Reached skill level 17 in Spellcasting
 20779 | Orc:2    | Found Jyohez's Book Shop.
 20779 | Orc:2    | Found a one-way gate leading to the halls of Pandemonium.
 20779 | Orc:2    | Found Huzal's Antique Armour Boutique.
 20787 | Orc:2    | Bought a runed helmet for 270 gold pieces
 21107 | Spider:1 | Offered knowledge of Spellforged Servitor by Vehumet.
 21343 | Orc:2    | Bought a Young Poisoner's Handbook for 300 gold pieces
 21343 | Orc:2    | Bought a book of Cantrips for 180 gold pieces
 21348 | Orc:2    | Learned a level 4 spell: Olgreb's Toxic Radiance
 21350 | Orc:2    | Learned a level 1 spell: Apportation
 21589 | Spider:1 | Reached skill level 5 in Armour
 21589 | Spider:1 | Reached XP level 15. HP: 81/88 MP: 31/38
 21818 | Spider:1 | Reached skill level 1 in Earth Magic
 21875 | Spider:1 | Learned a level 4 spell: Sticky Flame
 21875 | Spider:1 | Acquired 882 gold pieces
 21876 | Spider:1 | Acquired the +3 Elemental Staff {rElec rF+ rC+ AC+3}
 21876 | Spider:1 | Found the +3 Elemental Staff {rElec rF+ rC+ AC+3}
 21880 | Spider:1 | Acquired 867 gold pieces
 22137 | D:2      | Bought a ring of see invisible for 210 gold pieces
 22963 | Spider:3 | Noticed an emperor scorpion
 23006 | Spider:3 | Killed an emperor scorpion
 23230 | Spider:3 | Reached skill level 1 in Staves
 23309 | Spider:3 | Noticed an emperor scorpion
 23329 | Spider:3 | Killed an emperor scorpion
 23375 | Spider:3 | Reached skill level 18 in Spellcasting
 24027 | Spider:4 | Entered Level 4 of the Spider Nest
 24027 | Spider:4 | Noticed Mara
 24065 | Spider:3 | Noticed Esekla's illusion
 24069 | Spider:3 | Killed Mara
 24343 | Spider:4 | Noticed an emperor scorpion
 24355 | Spider:4 | Killed an emperor scorpion
 24650 | Spider:4 | Noticed an emperor scorpion
 24665 | Spider:4 | Killed an emperor scorpion
 24931 | Spider:4 | Noticed an emperor scorpion
 24945 | Spider:4 | Noticed an emperor scorpion
 24965 | Spider:4 | Killed an emperor scorpion
 25004 | Spider:4 | Killed an emperor scorpion
 25005 | Spider:4 | Reached XP level 16. HP: 87/94 MP: 28/40
 25108 | Spider:4 | Reached ****** piety under Vehumet
 25193 | Spider:4 | Offered knowledge of Ozocubu's Refrigeration by Vehumet.
 25851 | Spider:4 | Got a gossamer rune of Zot
 26012 | Shoals:1 | Entered Level 1 of the Shoals
 26105 | Shoals:1 | Reached skill level 19 in Spellcasting
 26888 | Shoals:2 | Offered knowledge of Iron Shot by Vehumet.
 27010 | Shoals:2 | Found Biskeott's Firing Range.
 27465 | Shoals:3 | Noticed Ilsuiw
 27482 | Shoals:2 | Killed Ilsuiw
 27914 | Shoals:3 | Reached XP level 17. HP: 87/101 MP: 35/42
 27915 | Shoals:3 | Found Zemonaik's Distillery.
 27932 | Shoals:3 | Bought a potion of heal wounds for 75 gold pieces
 27932 | Shoals:3 | Bought a potion of heal wounds for 75 gold pieces
 27932 | Shoals:3 | Bought 2 potions of heal wounds for 150 gold pieces
 28255 | Shoals:3 | Noticed a kraken
 28261 | Shoals:3 | Killed a kraken
 28512 | Shoals:2 | Reached skill level 20 in Spellcasting
 28537 | Shoals:2 | Identified the +1 animal skin "Kougi" {rPois rF++ MP+9}
 28562 | Shoals:4 | Entered Level 4 of the Shoals
 28596 | Shoals:4 | Reached skill level 10 in Fighting
 28631 | Shoals:4 | Reached skill level 5 in Earth Magic
 28888 | Shoals:4 | Got a barnacled rune of Zot
 28891 | Shoals:4 | Got Cuuv Rytt's Atlas of Hot Beguiling
 29051 | Shoals:4 | Noticed a kraken
 29081 | Shoals:4 | Offered knowledge of Yara's Violent Unravelling by Vehumet.
 29083 | Shoals:4 | Killed a kraken
 29086 | Shoals:4 | Reached skill level 5 in Staves
 29101 | Shoals:4 | Identified the ring "Pileq" {Ice Str+4 Dex+3 Slay+2}
 29317 | Shoals:4 | Identified the +1 ring mail "Uronn" {rF+ Regen+ Int+3}
 29332 | Shoals:4 | Paralysed by a sphinx for 4 turns
 29335 | Shoals:4 | Shot with an arrow by a satyr

Illustrated notes

Levels and vault maps discovered:
D:1:      sevenhm_arrival_forest_fort_small_3, layout_rooms,
          chequers_serial_rivers_room_b, minmay_misc_feat_five
D:2:      layout_loops_ring, dreamdust_ecumenical_altar_angels_and_demons,
          serial_shops, shop
D:3:      layout_basic, grunt_temple_overflow_open, minmay_misc_feat_iff
D:4:      layout_basic, nicolae_overflow_quartered_altars, serial_shops,
          nicolae_diamond_shop
D:5:      layout_loops_ring, lemuel_doored_altar, minmay_misc_feat_rows,
          dreamdust_wishing_well
D:6:      layout_loops_cross, fedhas_altar_fruit_tree,
          minmay_temple_entry_glass, uniq_pikel, uniq_blork_the_orc
D:7:      layout_basic, uniq_menkaure, uniq_joseph, uniq_crazy_yiuf_cottage
D:8:      layout_basic, nicolae_uskayaw_dance_hall, serial_demonic,
          serial_demonic_d, serial_demonic_a, serial_demonic_c,
          serial_demonic_c, nicolae_diode_quadrants
D:9:      layout_irregular_city, kennysheep_little_box, enter_bailey_4,
          minmay_between, uniq_harold
D:10:     layout_basic, nicolae_ru_awakened_eye
D:11:     layout_rooms, hellmonk_lair_entry_icy, serial_ice, serial_ice_j,
          serial_ice_m, serial_ice_o, serial_ice_c, serial_ice_g, serial_ice_f,
          guppyfry_shop_earth, uniq_psyche, uniq_lodul
D:12:     layout_roguey, nicolae_trove_entry_crossroad
Lair:1:   layout_small_grid
Lair:2:   gammafunk_boulding_lane, layout_small_grid, elwin_shoals_entry_rooms
Lair:3:   kb_forest_paths, layout_chaotic_city, spider_nest_entry_rubble
Lair:4:   layout_hall_layers, grunt_megastairs_3, lemuel_fruit_fields,
          uniq_rupert
Lair:5:   guppyfry_lair_end_dragon, layout_misc_corridors, wormcave,
          dpeg_slime_entry_enclosed
Shoals:1: layout_shoals, nicolae_shoals_nautilus_by_nature
Shoals:2: argonaut_golden_fleece, layout_shoals, nicolae_shop_firing_range
Shoals:3: layout_shoals, serial_shops, shop, nicolae_shoals_lost_giant_hut,
          uniq_ilsuiw
Shoals:4: shoals_end_hellmonk_lost_city, serial_shops
Spider:1: layout_spider_delve, nicolae_spider_some_kinda_spiderbox
Spider:2: layout_spider_delve, nicolae_spider_twisty_arc_passages
Spider:3: layout_chambers, nicolae_orb_stairs
Spider:4: grunt_spider_rune_circles, guppyfry_hornet_nest, uniq_mara
Orc:1:    layout_caves
Orc:2:    pf_orc_diabolical, layout_diamond_mine, uniq_azrael

Skill      XL: |  1  2  3  4  5  6  7  8  9 10 11 12 13 14 15 16 17 |
---------------+----------------------------------------------------+-----
Necromancy     | 5 6 7 8 9 11 12 | 12.1
Dodging        | 3 4 6 7 8 9 10 11 12 | 12.9
Short Blades   | 1 2 3 4 6 7 8 9 |  9.0
Stealth        | 3 4 5 6 |  6.0
Spellcasting   | 4 5 6 7 9 11 13 14 15 17 18 19 20 | 20.8
Translocations | 1 2 3 4 5 6 |  6.5
Poison Magic   | 2 3 4 5 6 7 8 9 |  9.3
Throwing       | 1 2 |  2.6
Air Magic      | 2 3 4 5 6 7 |  7.6
Shields        | 1 2 3 |  3.2
Long Blades    | 1 2 |  2.3
Fighting       | 1 4 5 6 7 8 9 10 | 10.6
Evocations     | 1 |  1.4
Conjurations   | 2 4 5 7 8 9 |  9.8
Armour         | 1 3 5 6 |  6.9
Fire Magic     | 1 3 4 5 6 |  6.7
Transmutations | 2 3 4 |  4.9
Ice Magic      | 2 4 5 |  5.5
Earth Magic    | 3 4 5 |  5.7
Staves         | 2 4 5 |  5.0

Action                     |  1- 3 |  4- 6 |  7- 9 | 10-12 | 13-15 | 16-18 || total
---------------------------+-------+-------+-------+-------+-------+-------++-------
  Melee: Short sword       |   118 |    81 |   143 |       |       |       ||   342
         Unarmed           |     9 |       |       |       |       |       ||     9
         Rapier            |       |       |    60 |     6 |       |       ||    66
         Punch             |       |       |     2 |       |       |       ||     2
         Scimitar          |       |       |    62 |   116 |       |       ||   178
         Dagger            |       |       |       |    62 |       |       ||    62
         Long sword        |       |       |       |    11 |       |       ||    11
         Pair of quick bla |       |       |       |   178 |   463 |   192 ||   833
         Staff             |       |       |       |       |     4 |     4 ||     8
  Throw: Dart              |       |     5 |    24 |    22 |       |       ||    51
         Boomerang         |       |       |       |     7 |    15 |       ||    22
   Cast: Vampiric Draining |     2 |    19 |    90 |   127 |    31 |    26 ||   295
         Poisonous Vapours |       |     6 |    39 |   156 |   198 |   146 ||   545
         Teleport Other    |       |       |     1 |    18 |       |       ||    19
         Freezing Cloud    |       |       |       |    12 |    49 |    25 ||    86
         Fireball          |       |       |       |     5 |     4 |       ||     9
         Conjure Ball Ligh |       |       |       |     1 |     2 |     3 ||     6
         Mephitic Cloud    |       |       |       |    10 |    28 |     2 ||    40
         Wereblood         |       |       |       |     4 |    28 |    13 ||    45
         Ignite Poison     |       |       |       |       |   100 |   105 ||   205
         Olgreb's Toxic Ra |       |       |       |       |    12 |    29 ||    41
         Orb of Destructio |       |       |       |       |     9 |     4 ||    13
         Sticky Flame      |       |       |       |       |     8 |     4 ||    12
         Apportation       |       |       |       |       |     4 |     5 ||     9
  Evoke: Wand              |       |       |    13 |    20 |       |       ||    33
    Use: Scroll            |     1 |       |     8 |    12 |     8 |     3 ||    32
         Potion            |     2 |       |     2 |     3 |     2 |     3 ||    12
   Stab: Sleeping          |     4 |     3 |     8 |    10 |     8 |     6 ||    39
         Confused          |       |       |       |     9 |    20 |       ||    29
         Distracted        |       |       |       |       |     1 |       ||     1
 Armour: Robe              |    26 |    11 |    92 |    69 |       |       ||   198
         Troll leather arm |       |       |       |    38 |   156 |   165 ||   359
         Ring mail         |       |       |       |       |       |     4 ||     4
  Dodge: Dodged            |    65 |    51 |   266 |   320 |   251 |   233 ||  1186
  Block: Buckler           |       |       |    18 |    88 |       |       ||   106
         Other             |       |       |       |       |       |    54 ||    54
         Reflection        |       |       |       |       |       |    12 ||    12
